 Dungeon Crawl Stone Soup version 0.24.0-123-gd5b16e6ec5 (webtiles) character file.

Game seed: 13842798435073402325, levelgen mode: deterministic

29 Chiseanne the Magician (level 3, 24/24 HPs)
             Began as a Demonspawn Wizard on Jan 22, 2020.
             Quit the game on level 1 of the Dungeon.
             The game lasted 00:01:22 (1038 turns).

Chiseanne the Magician (Demonspawn Wizard)          Turns: 1038, Time: 00:01:23

Health: 24/24      AC:  3    Str:  7    XL:     3   Next: 1%
Magic:  8/8        EV: 14    Int: 20    God:
Gold:   88         SH:  0    Dex: 11    Spells: 8/9 levels left

rFire    . . .     SeeInvis .   e - +0 dagger
rCold    . . .     Gourm    .   (no shield)
rNeg     . . .     Faith    .   a - +0 robe
rPois    .         Spirit   .   b - +0 hat
rElec    .         Reflect  .   i - +0 cloak
rCorr    .         Harm     .   (no gloves)
MR       .....                  (no boots)
Stlth    +++.......             (no amulet)
HPRegen  0.08/turn              (no ring)
MPRegen  0.11/turn              (no ring)

@: no status effects
A: repulsion field 1, nightstalker 1
a: no special abilities


You were on level 1 of the Dungeon.
You were not hungry.

You visited 1 branch of the dungeon, and saw 1 of its levels.

You collected 88 gold pieces.

Inventory:

Hand Weapons
 e - a +0 dagger (weapon)
 h - a +2 dagger of holy wrath
Missiles
 j - 28 stones (quivered)
Armour
 a - a +0 robe (worn)
 b - a +0 hat (worn)
 i - a +0 cloak (worn)
Scrolls
 c - 2 scrolls of identify {unknown}
 l - a scroll of teleportation {unknown}
 m - a scroll of remove curse {unknown}
Potions
 f - 2 potions of lignification {unknown}
 g - 3 potions of mutation {unknown}
 k - a potion of ambrosia {unknown}
Comestibles
 d - a ration


   Skills:
 * Level 1.9 Dodging
 - Level 1.7 Stealth
 * Level 3.5 Spellcasting
 * Level 2.1 Conjurations
   Level 1.0 Summonings
   Level 0.8 Translocations


You had 8 spell levels left.
You knew the following spells:

 Your Spells              Type           Power        Failure   Level  Hunger
a - Magic Dart            Conj           ##..         5%          1    None

Your spell library contained the following spells:

 Spells                   Type           Power        Failure   Level  Hunger
 Blink                    Tloc           N/A          14%         2    ##.....
 Call Imp                 Summ           #.......     14%         2    ##.....
 Slow                     Hex            #.......     21%         2    ##.....
 Conjure Flame            Conj/Fire      #.......     26%         3    ###....
 Mephitic Cloud           Conj/Pois/Air  #.......     30%         3    ###....


Dungeon Overview and Level Annotations

Branches:
Dungeon (1/15)

Altars:


Innate Abilities, Weirdness & Mutations

You are surrounded by a mild repulsion field. (EV +2)
You are slightly more attuned to the shadows.


Message History

Aim: a hobgoblin, wielding a +0 club (almost dead)
The magic dart hits the hobgoblin but does no damage.
The hobgoblin is almost dead.
Casting: Magic Dart (safe; 6% risk of failure)
Confirm with . or Enter, or press ? or * to list all spells.
You don't have enough magic to cast that spell.
You hit the hobgoblin but do no damage.
The hobgoblin is almost dead.
The hobgoblin hits you but does no damage.
You hit the hobgoblin but do no damage.
The hobgoblin is almost dead.
The hobgoblin misses you.
You hit the hobgoblin.
You kill the hobgoblin!
You have reached level 3!
Your experience leads to an increase in your attributes!
Increase (S)trength, (I)ntelligence, or (D)exterity?
You feel clever.
Your demonic ancestry asserts itself...
You slip into the darkness of the dungeon.
Are you sure you want to abandon this character and quit the game? (Confirm with "yes".)

##############
##....≈♣≈.....##
#######......≈.......##
......)@..............##
####...≈..........≈....#
##..≈≈..........≈≈....
#.....................
#########.....................
#................####.........
#.......#≈......## ##........
#....>..'♣≈.....# #......≈.
#.......#≈......# #.....≈♣.


There were no monsters in sight!

Vanquished Creatures
  2 dart slugs (D:1)
  3 goblins (D:1)
  6 hobgoblins (D:1)
  3 bats (D:1)
  2 frilled lizards (D:1)
  4 kobolds (D:1)
  3 rats (D:1)
23 creatures vanquished.

Notes
Turn   | Place    | Note
-------+----------+-------------------------------------------
     0 | D:1      | Chiseanne the Demonspawn Wizard began the quest for the
                  | Orb.
     0 | D:1      | Reached XP level 1. HP: 13/13 MP: 4/4
   364 | D:1      | Gained mutation: You are surrounded by a mild repulsion
                  | field. (EV +2) [demonic ancestry]
   364 | D:1      | Reached XP level 2. HP: 19/19 MP: 0/6
   973 | D:1      | Gained mutation: You are slightly more attuned to the
                  | shadows. [demonic ancestry]
   973 | D:1      | Reached XP level 3. HP: 24/24 MP: 0/8
  1038 | D:1      | Quit the game

Levels and vault maps discovered:
D:1:      erik_arrival_triangle_medium, layout_basic, minmay_misc_feat_roman,
          kennysheep_decorative_pillar, minmay_misc_feat_pillars,
          minmay_tetromino_i2

Skill      XL: |  1  2 |
---------------+-------+-----
Conjurations   | 2 |  2.1
Dodging        | |  1.9
Stealth        | |  1.7
Spellcasting   | |  3.5
Summonings     | |  1.0
Translocations | |  0.8

Action                   || total
-------------------------++-------
Melee: Dagger            ||    22
 Cast: Magic Dart        ||    47
Armor: Robe              ||     2
Dodge: Dodged            ||    15
